 Dungeon Crawl Stone Soup version 0.30.0-29-ga12c61a403 (webtiles) character file.

Game seed: 7450442928173411881

21 qw the Shield-Bearer (level 2, -1/19 HPs)
             Began as a Gargoyle Fighter on June 5, 2023.
             Killed by an exploding butterfly (20 damage)
             ... ignited by their inner flame
             ... on level 1 of the Dungeon.
             The game lasted 00:00:22 (820 turns).

qw the Shield-Bearer (Gargoyle Fighter)              Turns: 820, Time: 00:00:22

Health: -1/19      AC: 12    Str: 19    XL:     2   Next: 83%
Magic:  2/2        EV:  9    Int:  8    God:
Gold:   28         SH:  4    Dex:  9    Spells: 1/1 levels left

rFire   . . .        Y - +1 war axe
rCold   . . .        c - +0 buckler
rNeg    + . .        b - +0 scale mail
rPois   inf          (no helmet)
rElec   +            (no cloak)
rCorr   .            (no gloves)
SInv    .            f - +2 pair of boots
Will    .....        (no amulet) Stlth
                     (no ring)
HPRegen 0.23/turn    (no ring)
MPRegen 0.08/turn

%: no passive effects
@: no status effects
A: sickness immunity, AC +2, negative energy resistance 1, electricity
resistance, torment resistance 1, petrification resistance
a: no special abilities


You were on level 1 of the Dungeon.
You visited 1 branch of the dungeon, and saw 1 of its levels.

You collected 47 gold pieces.
You spent 19 gold pieces at shops.


Innate Abilities, Weirdness & Mutations

You are immune to sickness and miasma.
Your stone body is resilient. (AC +2)
You are immune to poison.
You resist negative energy. (rN+)
You are resistant to electric shocks. (rElec)
You are resistant to unholy torment.
You are immune to petrification.


   Skills:
 - Level 3.2 Fighting
 + Level 3.0 Axes
 - Level 3.2 Armour
 - Level 3.2 Shields


You had one spell level left.
You didn't know any spells.
Your spell library was empty.

Inventory:

Hand Weapons
 r - a +0 whip
 Y - a +1 war axe (weapon)
Missiles
 i - 5 boomerangs (quivered)
Armour
 b - a +0 scale mail (worn)
 c - a +0 buckler (worn)
 f - a +2 pair of boots (worn)
Scrolls
 l - 2 scrolls of immolation
Potions
 d - a potion of might
 j - a potion of cancellation {unknown}
 m - a potion of heal wounds {unknown}
 n - a potion of magic {unknown}
 o - a potion of curing {unknown}

Dungeon Overview and Level Annotations

Branches:
Dungeon (1/15)

Altars:

Shops:
D:1 =*=


Message History

Your butterfly disappears in a burst of colours!
The fiery explosion engulfs your butterfly!!
Your butterfly disappears in a burst of colours!
Your butterfly explodes!
The fiery explosion engulfs your butterfly!!
Your butterfly disappears in a burst of colours!
The fiery explosion engulfs your butterfly!!
Your butterfly disappears in a burst of colours!
The fiery explosion engulfs your butterfly!!
Your butterfly disappears in a burst of colours!
Your butterfly explodes! x2
The fiery explosion engulfs your butterfly!!
Your butterfly disappears in a burst of colours!
Your butterfly explodes!
The fiery explosion engulfs your butterfly!!
Your butterfly disappears in a burst of colours!
The fiery explosion engulfs your butterfly!!
Your butterfly disappears in a burst of colours!
Your butterfly explodes!
The fiery explosion engulfs your butterfly!
Your butterfly disappears in a burst of colours!
Your butterfly explodes!
The fiery explosion engulfs your butterfly!!
Your butterfly disappears in a burst of colours!
The fiery explosion engulfs your butterfly!!
Your butterfly disappears in a burst of colours!
The fiery explosion engulfs your butterfly!!
Your butterfly disappears in a burst of colours!
Your butterfly explodes!
The fiery explosion engulfs your butterfly!!
Your butterfly disappears in a burst of colours!
Your butterfly explodes! x2
The fiery explosion engulfs your butterfly!
Your butterfly disappears in a burst of colours!
The fiery explosion engulfs your butterfly!!
Your butterfly disappears in a burst of colours!
Your butterfly explodes!
The fiery explosion engulfs you!!
Ouch! That really hurt!
You die... #.#..#.# ##..# # #¤#¤¤#¤#######.## # #¤¤¤¤b.¤¤¤¤¤##..#### # #¤¤¤¤¤¤¤¤¤¤¤###....###### ##¤¤¤¤¤¤¤¤¤¤# #........^. #¤.¤¤b¤¤¤¤¤# #..##'''##. #¤¤b..b¤¤¤¤# #..#.....#. #¤¤¤bbb¤¤¤¤#

#..#.....#.
#¤¤.¤¤¤@¤¤¤#
##.#..<..#.
#¤¤b¤¤¤¤¤¤¤#
#.#.....#.
#¤¤b¤¤¤¤¤¤¤#
#.##'''##.
#¤¤¤b.¤¤¤¤¤#
###.......
#¤¤¤.b¤.¤¤¤#
###.....
#¤¤¤¤.¤¤¤¤¤#
######
############


There were no monsters in sight!

Vanquished Creatures
  A dart slug (D:1)
  4 ball pythons (D:1)
  A goblin (D:1)
  A hobgoblin (D:1)
  5 kobolds (D:1)
  A quokka (D:1)
  A bat (D:1)
  2 frilled lizards (D:1)
  2 rats (D:1)
18 creatures vanquished.

Notes
Turn   | Place    | Note
-------+----------+-------------------------------------------
     0 | D:1      | qw the Gargoyle Fighter began the quest for the Orb.
     0 | D:1      | Reached XP level 1. HP: 14/14 MP: 1/1
     0 | D:1      | 0 ||| qw: Version: 0.2-a-108-gee2c290
     0 | D:1      | 0 ||| qw: Game counter: 1369
     0 | D:1      | 0 ||| qw: Always use a shield: true
     0 | D:1      | 0 ||| qw: God list: Okawaru
     0 | D:1      | 0 ||| qw: Allow faded altars: false
     0 | D:1      | 0 ||| qw: Do Orc after D:15 true
     0 | D:1      | 0 ||| qw: Do second Lair branch before Depths: true
     0 | D:1      | 0 ||| qw: Lair rune preference: random
     0 | D:1      | 0 ||| qw: Plans: Normal, Zot:1-4, Slime:5, God:TSO, Crypt,
                  | Tomb, Abyss, Pan, Hells, Win
     0 | D:1      | 0 ||| PLANNING D:1-11
   148 | D:1      | Reached XP level 2. HP: 13/19 MP: 2/2
   149 | D:1      | 149 ||| FLEEEEING.
   150 | D:1      | 150 ||| FLEEEEING.
   151 | D:1      | 151 ||| FLEEEEING.
   164 | D:1      | 164 ||| FLEEEEING.
   170 | D:1      | 170 ||| Stepping ~*~*~tactically~*~*~ (hiding).
   171 | D:1      | 171 ||| Stepping ~*~*~tactically~*~*~ (hiding).
   306 | D:1      | Found Hyrchaqake's Jewellery Emporium.
   313 | D:1      | 313 ||| SHOPLISTING amulet of the acrobat (300 gold, have
                  | 32).
   313 | D:1      | 313 ||| SHOPLISTING ring of resist corrosion (200 gold,
                  | have 32).
   313 | D:1      | 313 ||| SHOPLISTING ring of willpower (250 gold, have 32).
   365 | D:1      | Found Qoych's Assorted Antiques.
   374 | D:1      | 374 ||| SHOPLISTING 2 murky golden potions (39 gold, have
                  | 32).
   374 | D:1      | 374 ||| BUYING grey potion (19 gold).
   374 | D:1      | Bought a grey potion for 19 gold pieces
   374 | D:1      | 374 ||| SHOPLISTING scroll labelled AHITRYSIMP (22 gold,
                  | have 13).
   374 | D:1      | 374 ||| SHOPLISTING scroll labelled ECOCEL PAEFEOW (22
                  | gold, have 13).
   374 | D:1      | 374 ||| SHOPLISTING scroll labelled OTYENO GIUGEOB (22
                  | gold, have 13).
   374 | D:1      | 374 ||| SHOPLISTING scroll labelled PAEJOO RABYIMN (22
                  | gold, have 13).
   606 | D:1      | Found Fovaosog's Jewellery Boutique.
   617 | D:1      | 617 ||| SHOPLISTING +6 ring of dexterity (468 gold, have
                  | 24).
   617 | D:1      | 617 ||| SHOPLISTING +6 ring of strength (468 gold, have
                  | 24).
   617 | D:1      | 617 ||| SHOPLISTING ring of fire (325 gold, have 24).
   617 | D:1      | 617 ||| SHOPLISTING ring of protection from fire (325 gold,
                  | have 24).
   617 | D:1      | 617 ||| SHOPLISTING ring of resist corrosion (260 gold,
                  | have 24).
   617 | D:1      | 617 ||| SHOPLISTING ring of see invisible (195 gold, have
                  | 24).
   664 | D:1      | 664 ||| Stepping ~*~*~tactically~*~*~ (hiding).
   772 | D:1      | 772 ||| DROPPING +0 club.
   801 | D:1      | Reached skill level 3 in Axes
   810 | D:1      | 810 ||| UPGRADING to +2 pair of boots.
   815 | D:1      | 815 ||| READING scroll labelled OQIYTU TEUMP.
   816 | D:1      | 816 ||| READING scroll labelled JUJOEF LYUSHA.
   817 | D:1      | 817 ||| READING scroll labelled AHITRYSIMP.
   818 | D:1      | 818 ||| READING scroll labelled VYFOIRPHIUBA.
   819 | D:1      | 819 ||| READING 3 scrolls labelled OTYENO GIUGEOB.
   820 | D:1      | 820 ||| READING scroll labelled ECOCEL PAEFEOW.
   820 | D:1      | Killed by an exploding butterfly... ignited by their inner
                  | flame

Levels and vault maps discovered:
D:1:      dpeg_arrival_windows_large_door, layout_basic, serial_shops,
          nicolae_shop_dealshenge, shop, shop

Skill      XL: |  1  2 |
---------------+-------+-----
Axes           | 2 3 |  3.0
Fighting       | |  3.2
Armour         | |  3.2
Shields        | |  3.2

Action                     || total
---------------------------++-------
  Melee: War axe           ||    37
  Throw: Boomerang         ||     5
    Use: Scroll            ||     6
 Armour: Scale mail        ||    25
  Dodge: Dodged            ||    18
  Block: Buckler           ||     9

Table legend:
 A = Non-vault XP
 B = Vault XP
 C = Vault XP percentage of total XP
 D = Non-vault monster count
 E = Vault monster count
 F = Vault count percentage of total count
                 A         B        C        D         E       F
            +---------+---------+-------+---------+---------+-------
      Total |      30 |       0 |   0.0 |      18 |       0 |   0.0
            +---------+---------+-------+---------+---------+-------
        D:1 |      30 |       0 |   0.0 |      18 |       0 |   0.0
            +---------+---------+-------+---------+---------+-------
